 Dungeon Crawl Stone Soup version 0.31-a0-925-g0a390f2509 (webtiles) character file.

Game seed: 12866075908278026873

62 lunkers the Insei (level 4, -1/35 HPs)
             Began as a Meteoran Shapeshifter on Oct 18, 2023.
             Killed by nerve-wracking pain
             ... invoked by Grinder
              (7 damage)
             ... on level 3 of the Dungeon.
             The game lasted 00:02:30 (1099 turns).

lunkers the Insei (Meteoran Shapeshifter)           Turns: 1099, Time: 00:02:30

Health: -1/35      AC:  5    Str: 15    XL:     4   Next: 53%
Magic:  5/5        EV: 11    Int: 11    God:
Gold:   90         SH:  0    Dex: 16    Spells: 3/3 levels left

rFire   . .          .
                       - Unarmed
rCold   . . .        (no shield)
rNeg    . . .        q - +0 ring mail
rPois   .            (helmet currently unavailable)
rElec   .            (cloak currently unavailable)
rCorr   .            (gloves currently unavailable)
SInv    .            (boots currently unavailable)
Will    .....        (no amulet)
Stlth   +            (no ring)
HPRegen 0.25/turn    (no ring)
MPRegen 0.09/turn

%: no passive effects
@: beast-form, glowing
A: beast (slay +2), sense surroundings 1, otherworldly, glowing, explore regen
a: Begin Untransformation


You were on level 3 of the Dungeon.
You were a hulking beast.
You visited 1 branch of the dungeon, and saw 3 of its levels.

You collected 90 gold pieces.

Inventory:

Armour
 a - a +0 animal skin
 k - a +0 pair of gloves
 q - a +0 ring mail (worn)
 u - a +0 pair of gloves
 v - a +3 scale mail of cold resistance
Jewellery
 t - a ring of wizardry
Talismans
 c - a beast talisman (active)
 d - a flux talisman
Scrolls
 b - 3 scrolls of vulnerability {unknown}
 f - a scroll of blinking {unknown}
 h - a scroll of identify {unknown}
 m - a scroll of noise {unknown}
 n - 3 scrolls of fog {unknown}
 o - a scroll of enchant weapon {unknown}
 p - a scroll of poison {unknown}
 r - a scroll of silence {unknown}
 s - a scroll of revelation {unknown}
Potions
 e - a potion of heal wounds {unknown}
 g - 2 potions of invisibility {unknown}
 i - 2 potions of enlightenment {unknown}
 j - 4 potions of curing {unknown}
 l - a potion of mutation {unknown}


   Skills:
 - Level 1.1 Fighting
 - Level 2.1 Dodging
 * Level 5.2 Unarmed Combat
 + Level 4.3 Shapeshifting


You had 3 spell levels left.
You didn't know any spells.
Your spell library contained the following spells:

 Spells                   Type           Power      Damage    Failure   Level
 Volatile Blastmotes      Fire/Tloc      0%         2d10      91%         3
 Fulminant Prism          Conj/Hex       0%         3d5       100%        4
 Iskenderun's Mystic Bla  Conj/Tloc      0%         2d3       100%        4


Dungeon Overview and Level Annotations

Branches:
Dungeon (3/15) Zot: 710

Altars:

Annotations:
D:3 Grinder


Innate Abilities, Weirdness & Mutations

You are a hulking beast.
Your limbs bulge with bestial killing power. (Slay +2)
You passively map a small area around you.
You are easily found by Zot.
You glow in the dark.
You regain HP and MP as you explore.


Message History

* * * LOW HITPOINT WARNING * * *
The ball python bites you.
* * * LOW HITPOINT WARNING * * *
The ball python constricts you. Grinder hits you!
* * * LOW HITPOINT WARNING * * *
You writhe in agony.
* * * LOW HITPOINT WARNING * * *
The ball python bites you but does no damage.
The ball python constricts you.
Grinder says, "Don't move a muscle."
Grinder hits you but does no damage.
You can move again.
You hit Grinder.
Grinder is almost dead.
The ball python barely misses you. The ball python constricts you.
Grinder blinks!
You hit the ball python.
You kill the ball python!
Grinder blinks!
Unknown command.
You see here a ball python corpse.
Unknown command.
Grinder blinks!
You see here 14 gold pieces.
Unknown command.
Found a scroll labelled CENUX QIPIEHIL.
You hit Grinder.
Grinder is almost dead.
Grinder gestures at you.
You struggle to resist.
You hit Grinder but do no damage.
Grinder is almost dead.
Grinder blinks!
Grinder gestures at you. Pain shoots through your body!
* * * LOW HITPOINT WARNING * * *
Grinder gestures at you. Pain shoots through your body!
You die...
Grinder says, "Now the real fun starts!"

, * ####.#####.# ,
* * #.#####.#### *
##### #.....).....
*
#...##*#######.####
* #.... .......†# *
**
##...##########.# ,
.5.., .=.# #.# * *
##.##**#.#####.#
#.h.####....>..##
#..§.$..........# *
#....!...†.........
##.############.###
#?# .# #.# .# #.#
.# #.# * #. *


You could see Grinder.

Vanquished Creatures
  2 adders (D:2)
  An adder zombie (D:2)
  A worm (D:2)
  An orc (D:3)
  5 ball pythons
  A bat skeleton (D:2)
  2 endoplasms
  A giant cockroach (D:1)
  6 jackals
  A quokka (D:3)
  A ball python skeleton (D:2)
  4 ball python zombies (D:2)
  3 bats
  2 giant cockroach zombies (D:2)
  3 goblins
  2 quokka skeletons (D:2)
  4 rats (D:2)
40 creatures vanquished.

Notes
Turn   | Place    | Note
-------+----------+-------------------------------------------
     0 | D:1      | lunkers the Meteoran Shapeshifter began the quest for the
                  | Orb.
     0 | D:1      | Reached XP level 1. HP: 16/16 MP: 2/2
   215 | D:1      | Reached XP level 2. HP: 21/23 MP: 3/3
   267 | D:1      | Reached skill level 4 in Unarmed Combat
   455 | D:2      | Reached XP level 3. HP: 4/28 MP: 4/4
   766 | D:2      | Reached XP level 4. HP: 29/35 MP: 5/5
   770 | D:2      | Reached skill level 5 in Unarmed Combat
  1069 | D:3      | Noticed Grinder
  1072 | D:3      | Paralysed by Grinder for 4 turns
  1083 | D:3      | Paralysed by Grinder for 4 turns
  1099 | D:3      | Killed from afar by Grinder

Illustrated notes

Levels and vault maps discovered:
D:1:      dpeg_arrival_water_altar, layout_basic
D:2:      layout_basic, serial_undead, serial_undead_a, serial_undead_a,
          serial_undead_f, serial_undead_e, serial_undead_d, serial_undead_d,
          serial_undead_a, serial_undead_e, grunt_decor_junction
D:3:      layout_loops_ring, mainiacjoe_overflow_tiny_flanked, uniq_grinder

Skill      XL: |  1  2  3  4 |
---------------+-------------+-----
Unarmed Combat | 4 5 |  5.2
Shapeshifting  | 4 |  4.3
Fighting       | |  1.1
Dodging        | |  2.1

Action                     |  1- 3 |  4- 6 || total
---------------------------+-------+-------++-------
  Melee: Unarmed           |    87 |    30 ||   117
         Punch             |     5 |       ||     5
    Use: Potion            |     1 |       ||     1
 Armour: Animal skin       |    49 |     3 ||    52
         Skin              |     1 |       ||     1
         Ring mail         |       |    14 ||    14
  Dodge: Dodged            |    54 |    19 ||    73

Table legend: (Time is in decaauts)
 A = Elapsed time spent in this place.
 B = Non-inter-level travel time spent in this place.
 C = Inter-level travel time spent in this place.
 D = Time resting spent in this place.
 E = Time spent auto-exploring this place.
 F = Levels seen in this place.
 G = Mean time per level.
                   A        B        C        D        E       F      G
               +--------+--------+--------+--------+--------+-----+--------+
         Total |   1088 |   1054 |     34 |     36 |    678 |   3 |  362.7 |
       Dungeon |   1088 |   1054 |     34 |     36 |    678 |   3 |  362.7 |
               +--------+--------+--------+--------+--------+-----+--------+

Top non-repeatable levels by time:
     D:2: 475 daAuts
     D:1: 433 daAuts
     D:3: 178 daAuts
